 Dungeon Crawl Stone Soup version 0.29-a0-352-g0917bc69df (webtiles) character file.

Game seed: 14840143485319509683

529 bande the Covered (level 7, 0/44 HPs)
             Began as a Gargoyle Fighter on Apr 24, 2022.
             Slain by a black bear (3 damage)
             ... on level 5 of the Dungeon.
             The game lasted 00:07:14 (4701 turns).

bande the Covered (Gargoyle Fighter)                Turns: 4701, Time: 00:07:15

Health: 0/44       AC: 15    Str: 19    XL:     7   Next: 24%
Magic:  7/7        EV:  7    Int:  9    God:
Gold:   309        SH:  4    Dex: 11    Spells: 6/6 levels left

rFire   . . .      SeeInvis .   a - +1 war axe
rCold   . . .      Faith    .   c - +0 buckler
rNeg    + . .      Spirit   .   h - +0 chain mail
rPois   ∞          Reflect  .   (no helmet)
rElec   +          Harm     .   (no cloak)
rCorr   .          Rampage  .   (no gloves)
Will    .....                   p - +0 pair of boots
Stlth   ..........              (no amulet)
HPRegen 0.14/turn               (no ring)
MPRegen 0.10/turn               (no ring)

@: studying Transmutations
A: sickness immunity, AC +4, negative energy resistance 1, electricity
resistance, torment resistance 1, petrification resistance
a: no special abilities


You were on level 5 of the Dungeon.
You visited 1 branch of the dungeon, and saw 5 of its levels.

You collected 309 gold pieces.

Inventory:

Hand Weapons
 a - a +1 war axe (weapon)
 b - a +0 flail
Missiles
 k - a throwing net (quivered)
Armour
 c - a +0 buckler (worn)
 h - a +0 chain mail (worn)
 p - a +0 pair of boots (worn)
Scrolls
 f - a scroll of holy word
 i - a scroll of enchant weapon
Potions
 e - 3 potions of haste
 g - 5 potions of curing
 j - a potion of berserk rage
 l - a potion of magic {unknown}
 m - 2 potions of heal wounds {unknown}
 n - a potion of flight {unknown}


   Skills:
 + Level 4.6 Fighting
 + Level 4.9 Axes
 + Level 5.2 Armour
 + Level 4.3 Shields


You had 6 spell levels left.
You didn't know any spells.
Your spell library was empty.

Dungeon Overview and Level Annotations

Branches:
Dungeon (5/15)
 Temple: D:4-7

Altars:
Uskayaw


Innate Abilities, Weirdness & Mutations

You are immune to sickness and miasma.
Your stone body is resilient. (AC +4)
You are immune to poison.
You resist negative energy. (rN+)
You are resistant to electric shocks. (rElec)
You are resistant to unholy torment.
You are immune to petrification.


Message History

The black bear barely misses you.
You feel better. The black bear barely misses you.
The black bear claws you but does no damage. x2
The orc wizard hits you but does no damage.
You feel better. The orc wizard barely misses you.
The black bear bites you but does no damage.
The black bear claws you.
* * * LOW HITPOINT WARNING * * *
The black bear claws you.
* * * LOW HITPOINT WARNING * * *
You feel better. The orc wizard barely misses you. The black bear bites you.
The black bear claws you but does no damage. x2
Unknown command.
You closely miss the black bear. You hit the orc wizard.
The black bear barely misses you.
The black bear claws you but does no damage.
You block the black bear's attack. The orc wizard casts a spell at you.
The magic dart hits you.
* * * LOW HITPOINT WARNING * * *
You slash the black bear!
The black bear is moderately wounded.
You slash the orc wizard! The black bear bites you!
* * * LOW HITPOINT WARNING * * *
The black bear closely misses you.
The black bear claws you but does no damage.
The orc wizard hits you but does no damage.
The orc priest begins to cast a cantrip, but forgets the words!
You slash the black bear!
The black bear is severely wounded.
You hit the orc priest but do no damage.
You barely miss the orc wizard. The black bear bites you.
* * * LOW HITPOINT WARNING * * *
The black bear claws you but does no damage.
The black bear barely misses you.
The orc wizard hits you but does no damage.
The orc priest hits you with a +0 club.
* * * LOW HITPOINT WARNING * * *
The black bear bites you.
You die...

#..........###.#.
.........#.......
......#...........
......#....####..
......##...#
#.....###.# #
##.......#.###..#
.........)[.....#
.....!)?.o@#..#...
......)..oh####
......)$........
................
.>...............
.................
.####............
#..#......#.#
..##.###...


You could see a black bear, an orc priest and an orc wizard.

Vanquished Creatures
  Sigmund (D:4)
  A sky beast (D:3)
  2 orc priests
  An orc wizard (D:5)
  6 gnolls
  4 adders
  5 worms
  2 dart slugs
  9 orcs
  6 endoplasms
  6 giant cockroaches
  4 goblins
  6 hobgoblins
  4 jackals (D:1)
  2 kobolds
  5 quokkas
  5 ball pythons
  3 bats
  3 frilled lizards
  6 rats
81 creatures vanquished.

Notes
Turn   | Place    | Note
-------+----------+-------------------------------------------
     0 | D:1      | bande the Gargoyle Fighter began the quest for the Orb.
     0 | D:1      | Reached XP level 1. HP: 14/14 MP: 1/1
   269 | D:1      | Reached XP level 2. HP: 19/19 MP: 2/2
   484 | D:1      | Reached XP level 3. HP: 4/23 MP: 3/3
   791 | D:1      | Found a faded altar of an unknown god.
  1470 | D:2      | Reached XP level 4. HP: 29/29 MP: 4/4
  2339 | D:1      | Reached skill level 4 in Armour
  3158 | D:3      | Noticed a sky beast
  3180 | D:3      | Killed a sky beast
  3181 | D:3      | Reached XP level 5. HP: 17/33 MP: 5/5
  3566 | D:3      | Reached XP level 6. HP: 38/38 MP: 6/6
  4224 | D:4      | Noticed a +0 short sword
  4225 | D:4      | Noticed a +0 spear
  4230 | D:4      | Noticed a +0 falchion
  4230 | D:4      | Noticed a +0 dagger
  4231 | D:4      | Noticed a +0 dagger
  4231 | D:4      | Noticed a +0 spear
  4231 | D:4      | Noticed a +0 falchion
  4232 | D:4      | Noticed a +0 short sword
  4243 | D:4      | Found a hide-covered altar of Uskayaw.
  4486 | D:4      | Noticed Sigmund
  4499 | D:4      | Killed Sigmund
  4500 | D:4      | Reached skill level 5 in Armour
  4500 | D:4      | Reached XP level 7. HP: 36/44 MP: 7/7
  4635 | D:5      | Entered Level 5 of the Dungeon
  4695 | D:5      | HP: 1/44 [black bear (4)]
  4701 | D:5      | Slain by a black bear

Illustrated notes

Levels and vault maps discovered:
D:1:      matt_arrival_diagonals, layout_rooms, basic_ecumenical_altar
D:2:      layout_basic
D:3:      layout_rooms, nicolae_overflow_hidden_temple,
          kennysheep_generic_room_8
D:4:      layout_rooms, nicolae_uskayaw_en_pointe, uniq_sigmund
D:5:      layout_cave_pools, serial_rivers, chequers_serial_rivers_small_b,
          chequers_serial_rivers_micro_c, chequers_serial_rivers_small_a,
          chequers_serial_rivers_room_a, chequers_serial_rivers_micro_e,
          chequers_serial_rivers_large_b, goddamned_bats

Skill      XL: |  1  2  3  4  5  6 |
---------------+-------------------+-----
Axes           | 2 3 4 |  4.9
Armour         | 4 5 |  5.2
Fighting       | 4 |  4.6
Shields        | 4 |  4.3

Action                   |  1- 3 |  4- 6 |  7- 9 || total
-------------------------+-------+-------+-------++-------
Melee: War axe           |   133 |   143 |    18 ||   294
  Use: Scroll            |     3 |     6 |     1 ||    10
       Potion            |       |     1 |     3 ||     4
Armor: Scale mail        |    44 |       |       ||    44
       Chain mail        |    38 |    82 |    37 ||   157
Dodge: Dodged            |    58 |    64 |    19 ||   141
Block: Buckler           |    33 |    48 |     4 ||    85

Table legend: (Time is in decaauts)
 A = Elapsed time spent in this place.
 B = Non-inter-level travel time spent in this place.
 C = Inter-level travel time spent in this place.
 D = Time resting spent in this place.
 E = Time spent auto-exploring this place.
 F = Levels seen in this place.
 G = Mean time per level.
                   A        B        C        D        E       F      G
               +--------+--------+--------+--------+--------+-----+--------+
         Total |   4820 |   4749 |     71 |   1573 |   2266 |   5 |  964.0 |
       Dungeon |   4820 |   4749 |     71 |   1573 |   2266 |   5 |  964.0 |
               +--------+--------+--------+--------+--------+-----+--------+

Top non-repeatable levels by time:
     D:1: 2205 daAuts
     D:2: 987 daAuts
     D:3: 922 daAuts
     D:4: 636 daAuts
     D:5: 70 daAuts
